 Dungeon Crawl Stone Soup version 0.24-a0-584-g9d6b971ae4 (webtiles) character file.

Game seed: 12855155303039097199, levelgen mode: deterministic

31826 1994 the Cleaver (level 13, -2/123 HPs)
             Began as a Naga Fighter on Sept 3, 2019.
             Was a Believer of Uskayaw.
             Slain by a six-headed hydra (9 damage)
             ... on level 5 of the Lair of Beasts.
             The game lasted 01:10:54 (22276 turns).

1994 the Cleaver (Naga Fighter)                    Turns: 22276, Time: 01:10:55

Health: -2/123     AC: 15    Str: 19    XL:     13   Next: 60%
Magic:  20/20      EV:  7    Int: 13    God:    Uskayaw [**....]
Gold:   1126       SH: 12    Dex: 11    Spells: 12/12 levels left

rFire    + . .     SeeInvis +   v - +1 scimitar (flame)
rCold    . . .     Gourm    .   c - +1 shield
rNeg     . . .     Faith    .   Q - +2 scale mail {rF+}
rPois    +         Spirit   .   Y - +1 helmet
rElec    .         Reflect  .   E - +2 cloak
rCorr    .         Harm     .   (no gloves)
MR       +....                  (no barding)
Stlth    ++++......             p - amulet of magic regeneration
HPRegen  0.30/turn              V - ring of stealth
MPRegen  0.42/turn              (no ring)

@: lightly drained, very slow
A: large, see invisible, deformed body, poison resistance, slowness 2, slow
metabolism 1, spit poison 1, constrict 1, AC +4
a: Spit Poison, Stomp, Line Pass, Renounce Religion


You were on level 5 of the Lair of Beasts.
You worshipped Uskayaw.
Uskayaw was aware of your devotion.
You were not hungry.

You visited 3 branches of the dungeon, and saw 17 of its levels.

You collected 1126 gold pieces.

Inventory:

Hand Weapons
 a - a +0 broad axe
 g - the +8 short sword of the Endless Expanse {freeze, +Inv rElec Int+4 Dex+2}
   (You found it on level 2 of the Lair of Beasts)

   It has been specially enchanted to freeze those struck by it, causing extra
   injury to most foes and up to half again as much damage against particularly
   susceptible opponents.
   It can also slow down cold-blooded creatures.
   It affects your intelligence (+4).
   It affects your dexterity (+2).
   It insulates you from electricity.
   It lets you turn invisible.
 i - a +0 hunting sling
 r - a +1 hunting sling of flaming
 v - a +1 scimitar of flaming (weapon)
 C - a +0 trident
 I - a +1 flail of protection
 Z - the +3 hand crossbow of Darkness {flame, rF+ Int-4 Dex+2}
   (You found it on level 1 of the Lair of Beasts)

   It causes projectiles fired from it to burn those they strike, causing extra
   injury to most foes and up to half again as much damage against particularly
   susceptible opponents.
   It affects your intelligence (-4).
   It affects your dexterity (+2).
   It protects you from fire.
Missiles
 j - 444 stones (quivered)
 t - 110 sling bullets
 P - 3 boomerangs of dispersal
 T - 4 throwing nets
Armour
 c - a +1 shield (worn)
 E - a +2 cloak (worn)
 K - a +2 leather armour of cold resistance
 N - a +0 ring mail of magic resistance
 Q - a +2 scale mail of fire resistance (worn)
 S - a +0 troll leather armour
 W - +0 acid dragon scales
 Y - a +1 helmet (worn)
Magical Staves
 m - an uncursed staff of poison
 G - an uncursed staff of wizardry
Jewellery
 e - an uncursed ring of see invisible {unknown}
 p - an amulet of magic regeneration (around neck)
 V - a ring of stealth (left hand)
Wands
 x - a wand of disintegration (46)
 y - a wand of flame (21)
 J - a wand of polymorph (9)
 L - a wand of acid (2)
 U - a wand of enslavement (6)
Scrolls
 n - 3 scrolls of magic mapping
 q - 5 scrolls of teleportation
 s - 4 scrolls of remove curse
 H - 4 scrolls of identify
 O - 6 scrolls of fog
Potions
 b - a potion of ambrosia
 d - 3 potions of might
 h - 3 potions of heal wounds
 l - 8 potions of curing
 o - 3 potions of brilliance
 u - a potion of resistance
 z - 4 potions of cancellation
 B - 2 potions of magic
 D - a potion of agility
 F - 2 potions of flight
 M - 3 potions of lignification
 R - 2 potions of mutation
 X - a potion of invisibility
Miscellaneous
 k - a lightning rod (3/4)
Comestibles
 f - 38 rations
 w - a chunk of flesh


   Skills:
 + Level 10.2(9.9) Fighting
 * Level 13.4(13.0) Axes
 - Level 2.4(2.1) Armour
 - Level 12.0(11.6) Stealth
 - Level 9.0(8.7) Shields
 + Level 10.0(9.6) Invocations


You had 12 spell levels left.
You didn't know any spells.
Your spell library contained the following spells:

 Spells                   Type           Power        Failure   Level  Hunger
 Confusing Touch          Hex            #.....       69%         1    ##.....
 Confuse                  Hex            #.......     96%         3    ####...
 Gell's Gravitas          Tloc           #.........   96%         3    ####...
 Petrify                  Tmut/Erth      #.......     100%        4    #####..
 Metabolic Englaciation   Hex/Ice        #.........   100%        5    ######.
 Yara's Violent Unravell  Hex/Tmut       #.........   100%        5    ######.


Dungeon Overview and Level Annotations

Branches:
Dungeon (11/15)            Temple (1/1) D:5            Lair (5/6) D:9
  Swamp (0/4) Lair:2       Spider (0/4) Lair:3          Orc (0/2) D:9
  Slime: Lair:5-6

Altars:
Ashenzari
Cheibriados
Dithmenos
Elyvilon
Fedhas
Gozag
Hepliaklqana
Kikubaaqudgha
Makhleb
Nemelex Xobeh
Okawaru
Qazlal
Ru
Sif Muna
Trog
Uskayaw
Vehumet
Wu Jian
Xom
Yredelemnul
Zin
The Shining One

Shops:
D:8 =

Annotations:
D:10 2 runed translucent doors, exclusion: two-headed ogre, Arang's ghost, journeyman FoFi
D:11 3 runed translucent doors, Thantalas's ghost, journeyman GrFE


Innate Abilities, Weirdness & Mutations

You cannot wear boots.
Your serpentine skin is tough. (AC +4)
You have supernaturally acute eyesight. (SInv)
Armour fits poorly on your strangely shaped body.
Your system is resistant to poisons. (rPois)
You cover ground very slowly.
You have a slow metabolism.
You can spit poison.
You can use your snake-like lower body to constrict enemies.


Message History

You barely miss the six-headed hydra.
The six-headed hydra is severely wounded.
The six-headed hydra bites you but does no damage.
You block the six-headed hydra's attack.
The six-headed hydra bites you.
* * * LOW HITPOINT WARNING * * *
You block the six-headed hydra's attack.
The six-headed hydra bites you but does no damage.
You block the six-headed hydra's attack.
Unknown command.
Unknown command.
Unknown command.
Unknown command.
The six-headed hydra barely misses you. The six-headed hydra bites you!
* * * LOW HITPOINT WARNING * * *
The six-headed hydra bites you but does no damage.
The six-headed hydra bites you.
* * * LOW HITPOINT WARNING * * *
The six-headed hydra barely misses you. The six-headed hydra bites you!
You die...

..................
........(.........
.......%÷.........
.#..##P†..........
##.......###
#..........#
##...†...#...
...#...D<.......
#....@....##P#
...#..^.....# #
P.P...........P
...........$..P.
................
...P......####..
.########.# .. ##


You could see a six-headed hydra.

Vanquished Creatures
  Gastronok (Lair:3)
  Erolcha (D:10)
  Harold (D:9)
  2 hydras
  A centaur warrior (D:11)
  Erica (D:8)
  A catoblepas (Lair:3)
  3 death yaks
  2 unseen horrors
  Pikel (D:8)
  2 ugly things (D:11)
  Joseph (D:7)
  3 black mambas
  Psyche (D:8)
  A torpor snail (Lair:3)
  A gargoyle (D:10)
  A centaur skeleton (D:10)
  4 spiny frogs
  3 komodo dragons
  3 rime drakes
  The ghost of Voker57 the Nimble, a novice SpBe of Trog (D:5)
  3 jumping spiders (Lair:3)
  A troll (D:9)
  A queen bee (Lair:2)
  2 hippogriffs
  3 slime creatures (D:10)
  7 blink frogs
  Sigmund (D:3)
  A wyvern (Lair:4)
  3 redbacks (Lair:3)
  Eustachio (D:6)
  A hungry ghost (D:11)
  16 yaks
  A steam dragon (D:10)
  Grum (D:8)
  Edmund (D:6)
  Menkaure (D:7)
  An acid dragon (D:11)
  5 porcupines
  A soldier ant (D:10)
  6 water moccasins
  2 ice beasts
  A swamp drake (Lair:2)
  4 slaves (D:8)
  4 sky beasts
  A black bear (D:10)
  3 orc warriors (D:9)
  2 phantoms
  12 wolves
  9 centaurs
  An ogre (D:6)
  A big kobold (D:8)
  6 crocodiles
  9 bullfrogs
  4 scorpions
  2 wyvern skeletons
  33 killer bees
  An electric eel (Lair:3)
  A howler monkey (D:9)
  4 bullfrog zombies
  3 crimson imps
  2 centaur zombies
  2 orc priests
  A quasit (D:10)
  2 jellies (D:10)
  6 hounds
  Crazy Yiuf (D:2)
  A bullfrog skeleton (D:5)
  Ijyb (D:3)
  Natasha (thrice) (D:3)
  6 iguanas
  5 orc wizards
  6 hell rats (Lair:5)
  10 worker ants
  2 hound skeletons
  Robin (D:3)
  A howler monkey skeleton (D:9)
  9 adders
  2 river rats (D:9)
  2 shadow imps
  An ooze (D:2)
  2 adder zombies
  An adder skeleton (D:8)
  4 worms
  A dart slug (D:2)
  6 leopard geckos
  52 orcs
  4 ball pythons
  5 giant cockroaches
  16 goblins
  12 hobgoblins
  5 quokkas
  5 bats
  4 frilled lizards
  9 kobolds
  A leopard gecko skeleton (D:3)
  9 rats
  A fungus (Lair:3)
396 creatures vanquished.

Vanquished Creatures (others)
  An orc (D:9)
  6 fungi (Lair:3)
  2 plants (Lair:3)
9 creatures vanquished.

Grand Total: 405 creatures vanquished

Notes
Turn   | Place    | Note
-------+----------+-------------------------------------------
     0 | D:1      | 1994 the Naga Fighter began the quest for the Orb.
     0 | D:1      | Reached XP level 1. HP: 21/21 MP: 1/1
   218 | D:1      | Reached XP level 2. HP: 25/28 MP: 2/2
   230 | D:1      | Reached skill level 1 in Stealth
   682 | D:1      | Reached XP level 3. HP: 33/34 MP: 3/3
  1131 | D:2      | Reached XP level 4. HP: 42/42 MP: 4/4
  1143 | D:2      | Found a shattered altar of Ashenzari.
  1268 | D:2      | Found a shattered altar of Ashenzari.
  1309 | D:2      | Reached skill level 3 in Axes
  1455 | D:2      | Found a runed translucent door.
  1456 | D:2      | Noticed Crazy Yiuf
  1904 | D:3      | Reached XP level 5. HP: 48/49 MP: 5/5
  2015 | D:3      | Noticed Ijyb
  2027 | D:3      | Killed Ijyb
  2359 | D:3      | Noticed Sigmund
  2359 | D:3      | Noticed Robin
  2378 | D:4      | Reached XP level 6. HP: 36/57 MP: 6/6
  2869 | D:3      | Noticed Natasha
  2876 | D:3      | Killed Natasha
  3074 | D:3      | Killed Robin
  3074 | D:3      | Reached skill level 4 in Axes
  3124 | D:3      | Noticed Natasha
  3127 | D:3      | Killed Natasha
  3144 | D:3      | Noticed Natasha
  3153 | D:3      | Killed Natasha
  3292 | D:3      | Killed Sigmund
  3292 | D:3      | Reached XP level 7. HP: 64/64 MP: 7/7
  3609 | D:5      | Entered Level 5 of the Dungeon
  3814 | D:5      | Reached skill level 5 in Axes
  3827 | D:5      | Found a hide-covered altar of Uskayaw.
  3827 | D:5      | Found a faded altar of an unknown god.
  3832 | D:5      | Found a blossoming altar of Fedhas.
  3839 | D:5      | Found an ancient bone altar of Kikubaaqudgha.
  3841 | D:5      | Found a radiant altar of Vehumet.
  3881 | D:5      | Became a worshipper of Uskayaw the Reveler
  3950 | D:5      | Reached * piety under Uskayaw
  3958 | D:5      | Reached ** piety under Uskayaw
  4132 | D:5      | Reached skill level 5 in Stealth
  4309 | D:5      | Reached XP level 8. HP: 69/73 MP: 8/8
  4354 | D:5      | Found a staircase to the Ecumenical Temple.
  4366 | Temple   | Entered the Ecumenical Temple
  4622 | D:5      | Reached skill level 1 in Invocations
  4762 | D:5      | Found a runed translucent gate.
  4763 | D:5      | Found a runed translucent gate.
  4787 | D:5      | Found a runed translucent gate.
  4788 | D:5      | Noticed Voker57's ghost (novice SpBe)
  4955 | D:2      | Killed Crazy Yiuf
  5245 | D:6      | Reached skill level 5 in Shields
  5302 | D:6      | Reached *** piety under Uskayaw
  5607 | D:6      | Noticed Edmund
  5622 | D:6      | Killed Edmund
  5622 | D:6      | Reached skill level 5 in Fighting
  5622 | D:6      | Reached skill level 6 in Axes
  5806 | D:6      | Noticed Eustachio
  5826 | D:6      | Killed Eustachio
  5938 | D:6      | Found a blossoming altar of Fedhas.
  5977 | D:6      | Reached XP level 9. HP: 62/81 MP: 11/11
  6109 | D:6      | Found a stormy altar of Qazlal.
  6535 | D:7      | Noticed Menkaure
  6604 | D:7      | Noticed Joseph
  6785 | D:7      | Killed Menkaure
  7038 | D:7      | Killed Joseph
  7038 | D:7      | Reached skill level 7 in Axes
  7330 | D:7      | Found a shadowy altar of Dithmenos.
  7652 | D:8      | Noticed Psyche
  7730 | D:8      | Found an ornate altar of the Wu Jian Council.
  7731 | D:8      | Found a shimmering altar of Xom.
  7733 | D:8      | Noticed Erica
  7753 | D:8      | Reached **** piety under Uskayaw
  7755 | D:8      | Killed Erica
  8013 | D:8      | Noticed Grum
  8020 | D:8      | Reached XP level 10. HP: 76/91 MP: 13/13
  8025 | D:8      | Killed Grum
  8025 | D:8      | Reached skill level 8 in Axes
  8244 | D:8      | Found a glowing silver altar of Zin.
  8310 | D:8      | Noticed Pikel
  8322 | D:8      | Killed Pikel
  8765 | D:9      | Reached skill level 5 in Invocations
  8907 | D:9      | Reached ***** piety under Uskayaw
  9492 | D:9      | Found a staircase to the Orcish Mines.
  9660 | D:9      | Found a staircase to the Lair.
  9672 | D:9      | Noticed a death yak
  9716 | D:9      | Noticed a death yak
  9784 | D:10     | Entered Level 10 of the Dungeon
  9786 | D:10     | Found an ancient bone altar of Kikubaaqudgha.
  9926 | D:10     | Noticed a two-headed ogre
  9967 | D:9      | Reached skill level 9 in Axes
  9978 | D:9      | Reached XP level 11. HP: 67/100 MP: 15/15
 10455 | D:10     | Noticed Erolcha
 10503 | D:10     | Killed Erolcha
 10503 | D:10     | Reached skill level 10 in Stealth
 11293 | D:10     | Noticed Arang's ghost (journeyman FoFi)
 11294 | D:10     | Noticed a lich
 11294 | D:10     | Noticed a harpy
 11295 | D:10     | Noticed a necromancer
 11296 | D:10     | Noticed a yaktaur captain
 11298 | D:10     | Noticed a skeletal warrior
 11334 | D:10     | Noticed an unseen horror
 11348 | D:10     | Killed an unseen horror
 11402 | D:10     | Noticed a two-headed ogre
 11411 | D:10     | Found a runed translucent door.
 11424 | D:10     | Found a runed translucent door.
 11592 | D:10     | Reached skill level 10 in Axes
 11614 | D:9      | Noticed Harold
 11637 | D:9      | Killed Harold
 11643 | D:9      | Noticed a death yak
 11717 | D:8      | Killed a death yak
 12077 | D:8      | Killed Psyche
 12337 | D:8      | Found Irefaoh's Jewellery Emporium.
 12418 | D:8      | Killed a death yak
 12616 | D:9      | Killed a death yak
 12616 | D:9      | Reached XP level 12. HP: 80/110 MP: 17/17
 13274 | D:9      | Found a glowing golden altar of the Shining One.
 13877 | D:11     | Noticed a centaur warrior
 13895 | D:11     | Killed a centaur warrior
 13972 | D:11     | Reached skill level 11 in Axes
 14555 | D:11     | Noticed a five-headed hydra
 14555 | D:11     | Noticed Thantalas's ghost (journeyman GrFE)
 14562 | D:11     | Found a runed translucent gate.
 14562 | D:11     | Found a runed translucent gate.
 14562 | D:11     | Found a runed translucent gate.
 14562 | D:11     | Noticed a fire giant
 15422 | D:5      | Killed Voker57's ghost
 15697 | D:10     | Found a runed translucent door.
 16098 | Lair:1   | Entered Level 1 of the Lair of Beasts
 16589 | Lair:1   | Got a steaming hand crossbow
 16590 | Lair:1   | Identified the +3 hand crossbow of Darkness {flame, rF+
                  | Int-4 Dex+2} (You found it on level 1 of the Lair of
                  | Beasts)
 17442 | Lair:2   | Got a transparent short sword
 17512 | Lair:2   | Found a staircase to the Swamp.
 17849 | Lair:2   | Reached ****** piety under Uskayaw
 18504 | Lair:3   | Reached skill level 12 in Axes
 19175 | Lair:3   | Gained mutation: You can use your snake-like lower body to
                  | constrict enemies. [Naga growth]
 19175 | Lair:3   | Reached XP level 13. HP: 118/121 MP: 19/19
 19207 | Lair:3   | Noticed Gastronok
 19258 | Lair:3   | Killed Gastronok
 19494 | Lair:3   | Found a hole to the Spider Nest.
 20178 | Lair:3   | Reached skill level 13 in Axes
 20713 | Lair:3   | Reached skill level 10 in Fighting
 21356 | Lair:4   | Identified the +8 short sword of the Endless Expanse
                  | {freeze, +Inv rElec Int+4 Dex+2} (You found it on level 2
                  | of the Lair of Beasts)
 22230 | Lair:5   | Reached skill level 10 in Invocations
 22276 | Lair:5   | Slain by a six-headed hydra

Levels and vault maps discovered:
D:1:      psy_arrival_statuary, layout_rooms, ebering_dispersal_statue_hall,
          st_stairs_2, hangedman_feature_mirror
D:2:      layout_loops_ring, evilmike_ruin_ashenzari, first_ration,
          minmay_hexomino_r4, uniq_crazy_yiuf_cottage
D:3:      layout_basic, minmay_misc_feat_pillars, uniq_natasha, uniq_sigmund,
          uniq_robin, uniq_ijyb
D:4:      layout_basic
D:5:      layout_cave_pods, chequers_temple_overflow_minitemple, temple_doors_e,
          ebering_ghost_rock_garden, hangedman_decor_diamond_cutter
D:6:      layout_basic, nicolae_qazlal_style_of_elements, fedhas_altar_4,
          uniq_eustachio, uniq_edmund
D:7:      layout_loops_ring, kennysheep_mini_moat, uniq_joseph, uniq_menkaure
D:8:      layout_basic, zin_treasury,
          chequers_temple_overflow_statue_of_worship, serial_shops, shop,
          blue_anna_alchemist [blue_anna_fruit_fields, blue_anna_fruit_fields],
          uniq_erica, uniq_grum, uniq_pikel, uniq_psyche
D:9:      layout_stronghold, lemuel_coloured_pillars_altar, dpeg_lair_monsters,
          hiddenorc2_lemuel, uniq_harold
D:10:     layout_irregular_city, muffindrake_ghost_dual_entry, basic_altar,
          uniq_erolcha
D:11:     layout_basic, gammafunk_ghost_split
Temple:   minmay_temple_curvy_loop
Lair:1:   layout_misc_corridors, lemuel_fruit_tree, lemuel_fruit_fields
Lair:2:   layout_roguey [special_room_bee], minmay_swamp_entry_reptiles,
          minivault_11, st_stairs_8
Lair:3:   layout_roguey, nicolae_spider_entry_tight_spaces,
          infiniplex_staircase_pool, serial_bayou_shore_b, uniq_gastronok
Lair:4:   layout_cave_pods
Lair:5:   layout_regular_city, basic_altar

Skill      XL: |  1  2  3  4  5  6  7  8  9 10 11 12 13 |
---------------+----------------------------------------+-----
Stealth        | 1 2 3 4 5 6 8 9 11 12 | 12.0
Shields        | 3 4 5 6 7 9 |  9.0
Axes           | 3 4 5 6 7 9 10 12 13 | 13.4
Fighting       | 4 5 6 7 8 9 10 | 10.2
Invocations    | 2 4 5 7 8 10 | 10.0
Armour         | |  2.4

Action                   |  1- 3 |  4- 6 |  7- 9 | 10-12 | 13-15 || total
-------------------------+-------+-------+-------+-------+-------++-------
Melee: War axe           |   104 |   128 |   214 |   625 |       ||  1071
       Spear             |       |       |    16 |       |       ||    16
       Broad axe         |       |       |       |   186 |   143 ||   329
       Constrict         |       |       |       |       |    24 ||    24
       Scimitar          |       |       |       |       |    20 ||    20
Throw: Stone             |       |       |       |     2 |    13 ||    15
Invok: Line Pass         |       |       |     3 |     2 |       ||     5
       Stomp             |       |       |     2 |     9 |       ||    11
 Abil: Spit Poison       |     4 |    20 |    41 |    57 |    21 ||   143
Evoke: Wand              |       |       |     6 |     9 |     6 ||    21
       Lightning rod     |       |       |       |       |     2 ||     2
  Use: Scroll            |       |     7 |    10 |     8 |     5 ||    30
 Stab: Sleeping          |       |       |     3 |    10 |     3 ||    16
       Paralysed         |       |       |     2 |    67 |    21 ||    90
       Confused          |       |       |     1 |       |       ||     1
       Distracted        |       |       |       |     2 |       ||     2
       Petrified         |       |       |       |       |     4 ||     4
  Eat: Chunk             |       |     8 |     9 |    30 |     6 ||    53
       Ration            |       |       |     2 |     2 |     1 ||     5
Armor: Scale mail        |    50 |    22 |       |   320 |    73 ||   465
       Ring mail         |       |    22 |    63 |       |       ||    85
       Leather armour    |       |       |    33 |    50 |       ||    83
       Acid dragon scale |       |       |       |     4 |       ||     4
Dodge: Dodged            |    32 |    30 |    66 |   240 |    35 ||   403
Block: Shield            |    60 |    53 |   105 |   496 |    86 ||   800
       Rpst.: Scimitar   |       |       |       |       |     2 ||     2

Table legend:
 A = Non-vault XP
 B = Vault XP
 C = Vault XP percentage of total XP
 D = Non-vault monster count
 E = Vault monster count
 F = Vault count percentage of total count
                 A         B        C        D         E       F
            +---------+---------+-------+---------+---------+-------
      Total |   30056 |   15411 |  33.9 |     276 |     116 |  29.6
            +---------+---------+-------+---------+---------+-------
        D:1 |      33 |       4 |  10.8 |      19 |       3 |  13.6
        D:2 |     114 |      46 |  28.8 |      26 |       5 |  16.1
        D:3 |     160 |     334 |  67.6 |      18 |      14 |  43.8
        D:4 |      90 |       2 |   2.2 |       7 |       1 |  12.5
        D:5 |     512 |     316 |  38.2 |      16 |       1 |   5.9
        D:6 |     935 |     386 |  29.2 |      14 |       2 |  12.5
        D:7 |     112 |     643 |  85.2 |       2 |       2 |  50.0
        D:8 |    1035 |    4258 |  80.4 |      20 |       9 |  31.0
        D:9 |    2962 |    2469 |  45.5 |      40 |      42 |  51.2
       D:10 |    4580 |    1032 |  18.4 |      29 |       1 |   3.3
       D:11 |    3829 |       0 |   0.0 |      17 |       0 |   0.0
     Lair:1 |    1642 |       0 |   0.0 |       7 |       0 |   0.0
     Lair:2 |    1498 |    2090 |  58.2 |       5 |      29 |  85.3
     Lair:3 |    7196 |    3831 |  34.7 |      29 |       7 |  19.4
     Lair:4 |    4969 |       0 |   0.0 |      19 |       0 |   0.0
     Lair:5 |     389 |       0 |   0.0 |       8 |       0 |   0.0
            +---------+---------+-------+---------+---------+-------
